Map: Blueshift LE

Players

Nerchio - Winner!

  • Race: Zerg Zerg
  • Spawn Location: 7:00

ShoWTimE

  • Race: Protoss Protoss
  • Spawn Location: 1:00

Event: WCS Montreal 2018

VOD

Have the link to the VOD?

Description

Time

  • Played on: Sept. 7, 2018, 8:14 p.m.
  • Length: 12:18

All games in this series

Show
View Real Time Build Order
Export as new Build Order

Nerchio Zerg - Winner!

Build Orders: Hatch First 

Get SALT Encoding   

  12  0:00  Drone  
  13  0:12  Overlord  
  13  0:16  Drone  
  14  0:31  Drone x2  
  16  0:45  Drone x2  
  18  0:55  Hatchery  
  17  0:59  Drone  
  17  1:00  Extractor  
  17  1:15  Spawning Pool  
  16  1:19  Drone  
  16  1:22  Drone  
  18  1:28  Drone  
  19  1:38  Overlord  
  19  1:49  Drone  
  20  2:01  Queen, Metabolic Boost  
  20  2:06  Queen  
  24  2:09  Zergling x2  
  24  2:12  Zergling x2  
  24  2:15  Drone  
  27  2:18  Drone  
  27  2:22  Drone  
  29  2:30  Drone  
  30  2:41  Hatchery  
  30  2:44  Drone  
  30  2:46  Zergling x2  
  30  2:49  Zergling x2  
  32  2:54  Overlord  
  32  2:56  Drone  
  33  3:03  Queen  
  35  3:11  Drone  
  36  3:13  Drone, Overlord  
  36  3:15  Drone  
  36  3:18  Drone  
  39  3:20  Drone  
  39  3:26  Overlord  
  40  3:29  Drone  
  40  3:30  Drone  
  40  3:33  Drone  
  43  3:35  Drone  
  43  3:40  Drone x2  
  46  3:45  Spore Crawler  
  46  3:46  Spore Crawler  
  44  3:48  Drone  
  44  3:50  Drone  
  44  3:52  Drone  
  47  3:57  Queen  
  47  4:02  Spore Crawler  
  48  4:03  Drone  
  48  4:04  Drone  
  50  4:11  Drone, Roach Warren  
  50  4:12  Drone  
  50  4:15  Drone  
  50  4:16  Drone  
  53  4:19  Overlord  
  53  4:22  Overlord  
  53  4:29  Drone x4  
  56  4:32  Overlord  
  56  4:38  Lair  
  56  4:39  Extractor  
  56  4:40  Drone  
  56  4:41  Zergling x2  
  56  4:43  Zergling x2  
  56  4:44  Zergling x2  
  56  4:45  Zergling x2  
  59  4:46  Zergling x2  
  59  4:47  Zergling x2  
  59  4:50  Zergling x4  
  59  4:52  Zergling x2  
  64  4:53  Zergling x2  
  64  4:56  Drone x2  
  64  4:57  Drone  
  64  4:58  Drone  
  69  5:01  Drone x2  
  69  5:02  Drone  
  72  5:07  Drone  
  72  5:08  Drone  
  72  5:12  Extractor  
  72  5:13  Roach x2  
  77  5:14  Overlord x2  
  77  5:16  Roach  
  77  5:20  Roach  
  81  5:22  Overlord  
  81  5:23  Overlord  
  81  5:26  Overlord  
  81  5:32  Overlord  
  81  5:34  Roach  
  83  5:36  Roach  
  83  5:37  Roach  
  87  5:48  Drone x10  
  87  5:56  Drone  
  81  5:57  Drone  
  81  6:00  Extractor, Glial Reconstitution  
  81  6:01  Drone  
  82  6:08  Drone  
  82  6:09  Drone x4  
  87  6:13  Drone x3  
  87  6:16  Drone  
  87  6:17  Extractor  
  90  6:19  Evolution Chamber  
  90  6:20  Hydralisk Den  
  90  6:21  Extractor  
  90  6:22  Overlord, Roach  
  88  6:25  Queen  
  88  6:27  Roach x2  
  88  6:31  Roach  
  96  6:35  Roach  
  96  6:37  Roach  
  96  6:39  Roach  
  102  6:47  Hatchery  
  102  6:49  Roach  
  102  6:50  Roach x3  
  102  6:52  Zergling x6  
  102  6:53  Zergling x2  
  113  6:55  Overlord  
  113  7:07  Drone x3  
  116  7:11  Ravager x2  
  116  7:12  Zergling x12, Ravager x2  
  116  7:14  Zergling x2  
  127  7:16  Zergling x4  
  127  7:19  Zergling x4  
  127  7:20  Ravager  
  127  7:22  Zergling x2  
  132  7:23  Zergling x4  
  132  7:27  Zergling x2  
  132  7:28  Ravager x2  
  132  7:29  Overlord  
  133  7:30  Roach  
  133  7:31  Roach  
  137  7:37  Roach  
  137  7:46  Roach  
  137  7:47  Roach  
  137  7:48  Roach x3  
  137  7:49  Roach x2  
  138  7:57  Roach x2  
  113  8:07  Roach  
  113  8:11  Roach x2  
  119  8:12  Roach  
  119  8:13  Roach  
  119  8:19  Drone x2  
  119  8:23  Drone x3  
  122  8:29  Drone, Queen  
  122  8:30  Queen  
  122  8:32  Drone  
  122  8:33  Zerg Melee Weapons Level 1  
  122  8:34  Drone  
  129  8:35  Grooved Spines  
  129  8:36  Baneling Nest  
  128  8:41  Hatchery  
  128  8:47  Zergling x2  
  128  8:48  Zergling x4  
  128  8:52  Drone x2  
  128  8:55  Drone x3  
  129  8:56  Drone  
  129  8:57  Extractor x2  
  122  9:10  Hydralisk x3  
  128  9:17  Hydralisk x3  
  128  9:21  Overseer  
  134  9:24  Hydralisk x3  
  139  9:33  Overlord x2  
  139  9:37  Overlord  
  139  9:46  Zergling x8, Centrifical Hooks  
  139  9:47  Muscular Augments  
  139  9:48  Zergling x2  
  139  9:49  Zergling x4, Overlord  
  139  9:51  Zergling x2  
  146  9:52  Zergling x2  
  146  9:53  Zergling x8  
  146  9:54  Zergling x4  
  152  10:01  Zergling x4  
  152  10:02  Ravager  
  152  10:03  Ravager x3  
  152  10:04  Zergling x2  
  152  10:05  Baneling  
  152  10:06  Baneling x7, Zergling x2  
  160  10:07  Baneling  
  160  10:08  Baneling x2  
  160  10:09  Zergling x2  
  160  10:11  Zergling x2  
  159  10:15  Zergling x2  
  144  10:24  Zergling x16  
  144  10:27  Roach  
  135  10:35  Roach x2  
  134  10:39  Roach x2  
  138  10:44  Roach  
  138  10:49  Roach  
  140  10:56  Roach  
  138  10:58  Roach  
  131  11:05  Roach  
  131  11:09  Ravager x2  
  131  11:11  Roach  
  131  11:13  Queen x2  
  131  11:18  Hatchery  
  121  11:24  Hatchery  
  116  11:27  Hydralisk x3  
  116  11:32  Hydralisk  
  124  11:38  Hydralisk  
  126  11:41  Hydralisk  
  128  11:48  Hydralisk  
  131  11:54  Ravager  
Show
View Real Time Build Order
Export as new Build Order

ShoWTimE Protoss 

Build Orders: 1 Gate Expand, Oracle Opening, Phoenix Opening, Archon Immortal 

Get SALT Encoding   

  12  0:00  Probe  
  13  0:13  Probe  
  14  0:17  Pylon  
  14  0:24  Probe  
  15  0:32  Probe  
  15  0:39  Gateway  
  15  0:40  Probe  
  16  0:47  Assimilator  
  17  0:51  Probe  
  18  1:03  Probe  
  19  1:15  Probe  
  20  1:25  Nexus  
  20  1:36  Cybernetics Core  
  20  1:38  Probe  
  21  1:45  Assimilator  
  21  1:50  Probe  
  22  1:54  Pylon  
  22  2:02  Probe  
  22  2:04  Adept  
  23  2:14  Probe  
  26  2:16  Stargate  
  26  2:22  Adept  
  26  2:24  Warp Gate  
  26  2:26  Probe  
  27  2:35  Probe  
  29  2:39  Probe  
  29  2:43  Probe  
  32  2:51  Probe  
  32  2:53  Probe  
  32  2:55  Gateway  
  32  2:56  Phoenix  
  34  3:04  Probe  
  37  3:08  Probe  
  38  3:16  Probe  
  38  3:17  Pylon  
  39  3:20  Probe, Oracle  
  43  3:28  Gateway  
  43  3:30  Probe  
  43  3:33  Probe  
  45  3:36  Adept  
  47  3:42  Twilight Council  
  47  3:45  Probe  
  47  3:46  Probe  
  49  3:48  Resonating Glaives  
  49  3:51  Pylon  
  49  3:54  Assimilator  
  49  3:57  Probe  
  49  3:58  Probe  
  49  4:01  Assimilator  
  51  4:07  Pylon  
  51  4:09  Probe  
  52  4:10  Probe  
  53  4:21  Probe  
  53  4:23  Probe  
  55  4:31  Adept x3  
  59  4:36  Robotics Facility  
  61  4:39  Pylon  
  61  4:47  Probe  
  62  4:55  Adept x3  
  68  5:12  Pylon  
  68  5:14  Nexus  
  68  5:15  Immortal  
  68  5:17  Adept x3  
  74  5:21  Pylon  
  78  5:32  Pylon  
  78  5:45  Immortal  
  76  5:54  Sentry x3  
  80  6:05  Gateway  
  80  6:08  Gateway  
  80  6:10  Gateway  
  80  6:11  Gateway x2  
  80  6:14  Warp Prism  
  80  6:15  Pylon, Probe x2  
  84  6:27  Probe x2  
  84  6:30  Pylon  
  86  6:34  Sentry x3  
  86  6:36  Pylon  
  86  6:38  Probe  
  86  6:39  Probe  
  94  6:46  Observer  
  94  6:50  Pylon  
  95  7:04  Adept x7  
  95  7:06  Adept  
  111  7:11  Pylon  
  109  7:30  Adept x6  
  109  7:31  Adept x2  
  109  7:35  Pylon  
  95  7:53  Warp Prism, Adept x2  
  95  7:54  Adept x5  
  101  8:01  Charge  
  84  8:16  Immortal, Probe x3  
  79  8:20  Sentry x4  
  79  8:26  Forge  
  87  8:28  Probe x3  
  87  8:32  Adept  
  87  8:33  Adept x2  
  100  8:40  Probe x2  
  102  8:42  Protoss Ground Weapons Level 1  
  102  8:46  Adept x4  
  108  8:51  Immortal  
  112  9:04  Probe x2, Assimilator  
  112  9:05  Assimilator  
  114  9:13  Templar Archives  
  114  9:24  Zealot x6  
  114  9:28  Pylon  
  114  9:30  Zealot x2  
  128  9:50  Nexus  
  128  9:54  High Templar x5  
  128  9:55  High Templar, Zealot x2, Observer  
  128  9:57  Pylon  
  128  9:59  Archon x2  
  144  10:00  Archon  
  145  10:10  Pylon  
  137  10:22  Immortal  
  113  10:30  Zealot x8  
  105  10:37  Shield Battery  
  105  10:39  Shield Battery  
  105  10:46  Shield Battery  
  94  10:51  Zealot x4  
  87  10:57  Zealot x2  
  87  11:01  Zealot  
  84  11:10  Zealot  
  80  11:14  Zealot x2  
  71  11:20  Zealot  
  71  11:24  High Templar x2  
  66  11:26  Immortal  
  66  11:28  Archon  
  66  11:29  High Templar  
  66  11:30  High Templar  
  70  11:35  Archon  
  70  11:38  Sentry  
  76  11:41  Sentry  
  78  11:54  Zealot  
  80  11:58  Zealot x2  
  76  12:11  Zealot x2  
  76  12:12  Zealot  
Tags
 
Add a new tag
Caveats
  • Supply blocks, unpowered buildings, or Contaminate may cause inaccurate times.
  • Supply counts are checked every 10 seconds.